 Dungeon Crawl Stone Soup version 0.20.1-1-g8b1a95d (webtiles) character file.

788 MrModeste the Quickloader (level 7, -8/55 HPs)
             Began as a Centaur Hunter on July 9, 2017.
             Mangled by Duvessa
             ... wielding a +0 rapier
              (12 damage)
             ... on level 4 of the Dungeon on July 10, 2017.
             The game lasted 00:13:21 (3712 turns).

MrModeste the Quickloader (Centaur Hunter)          Turns: 3712, Time: 00:13:22

Health: -8/55      AC:  6    Str: 14    XL:     7   Next: 56%
Magic:  7/7        EV:  9    Int: 16    God:
Gold:   159        SH:  0    Dex: 12    Spells: 6/6 levels left

rFire    . . .     SeeInvis .   b - +10 flail of Punishment {holy, Int+6}
rCold    . . .     Gourm    .   (no shield)
rNeg     . . .     Faith    .   c - +0 leather armour
rPois    .         Spirit   .   (no helmet)
rElec    .         Reflect  .   y - +0 cloak
rCorr    .         Harm     .   h - +0 pair of gloves
MR       .....                  (no barding)
Stlth    +.........             (no amulet)
Regen    0.2/turn               (no ring)
MPRegen  0.1/turn               (no ring)

@: very quick
A: hooves 3, deformed body, speed 2, tough skin 3
a: no special abilities


You were on level 4 of the Dungeon.
You were not hungry.

You visited 1 branch of the dungeon, and saw 4 of its levels.

You collected 159 gold pieces.

Inventory:

Hand Weapons
 a - a +1 hand crossbow
 b - the +10 flail of Punishment (weapon) {holy, Int+6}
   (You found it on level 4 of the Dungeon)

   It has been blessed by the Shining One to cause great damage to the undead
   and demons.
   It affects your intelligence (+6).
 A - a +0 short sword
Missiles
 d - 18 bolts
 u - 14 poisoned needles
 Q - 41 stones (quivered)
Armour
 c - a +0 leather armour (worn)
 g - a scarf of repulsion
 h - a +0 pair of gloves (worn)
 y - a +0 cloak (worn)
Jewellery
 k - an uncursed ring of positive energy {unknown}
Wands
 q - a wand of clouds (3/9)
 w - a wand of paralysis (5/24)
Scrolls
 e - 2 scrolls of teleportation {unknown}
 i - 2 scrolls of identify
 l - a scroll of fear {unknown}
 m - 2 scrolls of recharging {unknown}
 s - 2 scrolls of enchant weapon {unknown}
 x - a scroll of remove curse {unknown}
Potions
 j - a potion of heal wounds {unknown}
 o - a potion of lignification {unknown}
 r - a potion of agility {unknown}
 t - 2 potions of curing
 B - a potion of berserk rage {unknown}
Comestibles
 f - 3 bread rations
 n - 5 meat rations
 p - 2 royal jellies
 v - 2 chunks of flesh
 z - a fruit


   Skills:
 - Level 2.0 Fighting
 + Level 10.2 Crossbows
 - Level 1.3 Dodging
 - Level 0.4 Stealth


You had 6 spell levels left.
You didn't know any spells.

Dungeon Overview and Level Annotations

Branches:
Dungeon (4/15)
 Temple: D:4-7

Altars:
Kikubaaqudgha
Trog

Annotations:
D:4 Duvessa


Innate Abilities, Weirdness & Mutations

You have hooves in place of feet.
Armour fits poorly on your strangely shaped body.
You cover ground very quickly.
You have extremely tough skin. (AC +3)


Message History

Duvessa barely misses you.
The +10 flail of Punishment {holy, Int+6} softly glows with a divine radiance!
b - the +10 flail of Punishment (weapon)
{holy, Int+6} You sock Duvessa!
Duvessa hits you with a rapier!
* * * LOW HITPOINT WARNING * * *
The hound bites you but does no damage. Duvessa hits you with a rapier!
* * * LOW HITPOINT WARNING * * *
The hound closely misses you.
You take 24 damage, and have 7/55 hp.
MASSIVE DAMAGE!!
Okay, then.
You sock Duvessa! You kick Duvessa. Duvessa barely misses you.
The hound bites you but does no damage. Duvessa hits you with a rapier.
* * * LOW HITPOINT WARNING * * *
The hound bites you.
* * * LOW HITPOINT WARNING * * *
You take 3 damage, and have 4/55 hp.
You hit Duvessa. You kick Duvessa, but do no damage. Duvessa barely misses you.
The hound bites you but does no damage. Duvessa hits you with a rapier!
You die...

............# #.##...# ....#
............####.####.##....#
............................#
.###........................#
.###.................)##....#
.##....................######
.##....................#
..#....................#####
....######......@..........##
.#.#####....(..he####..###..#
......##.####..#(#####..###.###
...................####.# #..<###
....................###.#####)...
......#.####.....................
.....##..# ###..........######...
.....###.# #.....(...... ###.
.........# #......(.>... #.


You could see Duvessa (berserk) and a hound.

Vault maps used:
D:1:      scummos_arrival_forest
D:2:      bloody_trog, serial_undead, serial_undead_b, serial_undead_c,
          serial_undead_b, serial_undead_e, serial_undead_c, serial_undead_d,
          serial_undead_a, hangedman_feature_mirror
D:3:      lemuel_zombie_altar_kikubaaqudgha, uniq_ijyb
D:4:      first_bread, minmay_ogre_servants, uniq_menkaure, uniq_duvessa

Notes
Turn   | Place    | Note
-------+----------+-------------------------------------------
     0 | D:1      | MrModeste the Centaur Hunter began the quest for the Orb.
     0 | D:1      | Reached XP level 1. HP: 17/17 MP: 1/1
   357 | D:1      | Identified a scarf of repulsion (You found it on level 1 of the Dungeon)
   362 | D:1      | Identified a +0 pair of gloves (You found it on level 1 of the Dungeon)
   566 | D:1      | Reached XP level 2. HP: 24/24 MP: 2/2
   827 | D:2      | Reached skill level 5 in Crossbows
   905 | D:2      | Reached XP level 3. HP: 29/29 MP: 3/3
  1232 | D:2      | Found a bloodstained altar of Trog.
  1538 | D:2      | Reached skill level 6 in Crossbows
  1652 | D:3      | Noticed a scorpion
  1660 | D:2      | HP: 7/29 [poisoned by a scorpion]
  1665 | D:2      | Identified 2 potions of curing
  1736 | D:2      | Killed a scorpion
  1736 | D:2      | Reached XP level 4. HP: 12/36 MP: 4/4
  2008 | D:3      | Noticed gobwax's ghost (amateur BaFi)
  2033 | D:3      | Killed gobwax's ghost
  2033 | D:3      | Reached skill level 7 in Crossbows
  2033 | D:3      | Reached XP level 5. HP: 41/41 MP: 5/5
  2140 | D:3      | Noticed Ijyb
  2147 | D:3      | Paralysed by Ijyb for 7 turns
  2163 | D:3      | Killed Ijyb
  2619 | D:3      | Reached skill level 8 in Crossbows
  2625 | D:3      | Found an ancient bone altar of Kikubaaqudgha.
  2689 | D:4      | Noticed Duvessa
  2689 | D:4      | Noticed Dowan
  2711 | D:3      | Reached XP level 6. HP: 43/48 MP: 6/6
  2789 | D:4      | Noticed gobwax's ghost (amateur BaFi)
  3020 | D:4      | Noticed Menkaure
  3288 | D:4      | Killed Dowan
  3291 | D:4      | Identified a +0 short sword
  3292 | D:4      | Identified a +1 hand crossbow
  3351 | D:4      | Identified a +0 cloak (You found it on level 4 of the Dungeon)
  3478 | D:4      | Got a scorched flail
  3481 | D:4      | Identified 3 scrolls of identify
  3481 | D:4      | Identified the +10 flail of Punishment {holy, Int+6} (You found it on level 4 of the Dungeon)
  3493 | D:4      | Reached skill level 9 in Crossbows
  3581 | D:4      | Killed Menkaure
  3581 | D:4      | Reached XP level 7. HP: 55/55 MP: 7/7
  3635 | D:4      | Killed gobwax's ghost
  3635 | D:4      | Reached skill level 10 in Crossbows
  3710 | D:4      | HP: 7/55 [Duvessa/rapier (12)]
  3712 | D:4      | Identified a +0 rapier
  3712 | D:4      | Mangled by Duvessa

Table legend:
 A = Turns spent in this place as a percentage of turns spent in the entire game.
 B = Non-inter-level travel turns spent in this place as a percentage of non-inter-level travel turns spent in the entire game.
 C = Inter-level travel turns spent in this place as a percentage of turns spent in this place.
 D = Turns resting spent in this place as a percentage of non-inter-level travel turns spent in this place.
 E = Turns spent auto-exploring this place as a percentage of non-inter-level travel turns spent in this place.
 F = Non-inter-level travel turns spent in this place divided by the number of levels of this place that you've seen.
                   A       B       C       D       E      F
               +-------+-------+-------+-------+-------+----------------------
         Total | 100.0 | 100.0 |   0.9 |   0.0 |  15.6 | 185.8
       Dungeon | 100.0 | 100.0 |   0.9 |   0.0 |  15.6 | 185.8
               +-------+-------+-------+-------+-------+----------------------

Table legend:
 A = Kills in this place as a percentage of kills in entire the game.
 B = Kills by you in this place as a percentage of kills by you in the entire game.
 C = Kills by friends in this place as a percentage of kills by friends in the entire game.
 D = Other kills in this place as a percentage of other kills in the entire game.
 E = Experience gained in this place as a percentage of experience gained in the entire game.
 F = Experience gained in this place divided by the number of levels of this place that you have seen.
                   A       B       C       D       E      F
               +-------+-------+-------+-------+-------+----------------------
         Total | 100.0 | 100.0 |  -nan |  -nan | 100.0 | 281.8
       Dungeon | 100.0 | 100.0 |  -nan |  -nan | 100.0 | 281.8
               +-------+-------+-------+-------+-------+----------------------

Skill      XL: |  1  2  3  4  5  6  7 |
---------------+----------------------+-----
Crossbows      | 5 6 7 8 9 10 | 10.2
Fighting       | |  2.0
Dodging        | |  1.3
Stealth        | |  0.4

Action                   |  1- 3 |  4- 6 |  7- 9 || total
-------------------------+-------+-------+-------++-------
Melee: Flail             |       |       |     3 ||     3
       Kick              |       |       |     2 ||     2
 Fire: Hand crossbow     |    87 |   163 |    29 ||   279
  Use: Potion            |     1 |       |       ||     1
       Scroll            |       |     1 |       ||     1
  Eat: Chunk             |     1 |     3 |       ||     4
       Bread ration      |       |     1 |       ||     1
Armor: Leather armour    |    13 |    17 |     6 ||    36
Dodge: Dodged            |    19 |    23 |     9 ||    51
       Deflected         |     4 |     4 |       ||     8

Vanquished Creatures
  The ghost of gobwax the Cudgeler, an amateur BaFi (D:4)
  Menkaure (D:4)
  The ghost of gobwax the Slasher, an amateur BaFi (D:3)
  3 scorpions
  Dowan (D:4)
  Ijyb (D:3)
  A worker ant (D:4)
  2 hound skeletons
  A howler monkey zombie (D:2)
  3 adders
  An ooze (D:4)
  An adder skeleton (D:2)
  2 worms (D:3)
  4 dart slugs
  A leopard gecko (D:2)
  3 orcs
  3 bats
  A bat skeleton (D:2)
  A bat zombie (D:3)
  5 giant cockroaches
  6 goblins
  6 hobgoblins
  4 frilled lizards
  2 jackal skeletons
  4 kobolds
  A quokka zombie (D:2)
  10 rats
  2 rat zombies (D:3)
72 creatures vanquished.
